 Dungeon Crawl Stone Soup version 0.26-a0-712-ga5a9c9c9d0 (webtiles) character file.

Game seed: 5035697720808351523

37 Apogee the Bolt Thrower (level 3, 23/23 HPs)
             Began as a Kobold Hunter on Nov 2, 2020.
             Was a Follower of Wu Jian.
             Quit the game on level 2 of the Dungeon.
             The game lasted 00:02:16 (1079 turns).

Apogee the Bolt Thrower (Kobold Hunter)             Turns: 1079, Time: 00:02:16

Health: 23/23      AC:  3    Str:  9    XL:     3   Next: 60%
Magic:  3/3        EV: 14    Int: 12    God:    Wu Jian [*.....]
Gold:   62         SH:  0    Dex: 16    Spells: 2/2 levels left

rFire    . . .     SeeInvis .   b - +0 short sword
rCold    . . .     Faith    .   (shield restricted)
rNeg     . . .     Spirit   .   c - +0 leather armour
rPois    .         Reflect  .   (no helmet)
rElec    .         Harm     .   (no cloak)
rCorr    .         Rampage  .   (no gloves)
MR       .....                  (no boots)
Stlth    +++.......             (no amulet)
HPRegen  0.07/turn              (no ring)
MPRegen  0.08/turn              (no ring)

@: no status effects
A: small, nightstalker 3
a: Renounce Religion


You were on level 2 of the Dungeon.
You worshipped Wu Jian.
Wu Jian was aware of your devotion.
You visited 1 branch of the dungeon, and saw 2 of its levels.

You collected 62 gold pieces.

Inventory:

Hand Weapons
 a - a +1 hand crossbow
 b - a +0 short sword (weapon)
Missiles
 d - 42 bolts
 g - 49 stones (quivered)
Armour
 c - a +0 leather armour (worn)
Scrolls
 e - a scroll of identify {unknown}
 i - a scroll of enchant weapon {unknown}
 j - a scroll of magic mapping {unknown}
Potions
 f - a potion of might {unknown}
 h - a potion of brilliance {unknown}
 k - a potion of mutation {unknown}


   Skills:
 + Level 3.2 Fighting
 + Level 5.5 Crossbows
 - Level 2.4 Dodging
 - Level 1.3 Stealth


You had 2 spell levels left.
You didn't know any spells.
Your spell library was empty.

Dungeon Overview and Level Annotations

Branches:
Dungeon (2/15)

Altars:
Wu Jian


Innate Abilities, Weirdness & Mutations

You are small and have problems with some larger weapons.
You are completely attuned to the shadows.


Message History

Found a stone staircase leading up.
A bat comes into view.
Found a faded altar of an unknown god.
A bat is nearby!
A bat is nearby!
The bat hits you but does no damage.
You miss the bat. The bat hits you. The bat barely misses you.
A worm comes into view.
The bat misses you. The bat barely misses you.
You hit the bat. The bat closely misses you. The bat hits you.
You hit the bat.
You kill the bat!
a - a +1 hand crossbow (weapon)
You shoot a bolt. The bolt hits the worm.
You shoot a bolt. The bolt hits the worm.
You shoot a bolt. The bolt barely misses the worm.
You shoot a bolt. The bolt hits the worm!
The worm bites you.
b - a +0 short sword (weapon)
You hit the worm. The worm barely misses you.
You hit the worm but do no damage. The worm bites you.
You hit the worm but do no damage. You hit the worm but do no damage.
The worm closely misses you.
You hit the worm but do no damage. The worm bites you but does no damage.
a - a +1 hand crossbow (weapon)
You shoot a bolt. The bolt hits the worm.
The worm bites you.
* * * LOW HITPOINT WARNING * * *
Firing (i - inventory. (/) - cycle)
d - 38 bolts (quivered)
Aim: a worm (almost dead)
You shoot a bolt. The bolt hits the worm.
You kill the worm!
d - 40 bolts (gained 3)
d - 41 bolts (gained 1)
d - 42 bolts (gained 1)
A frilled lizard comes into view.
A frilled lizard is nearby!
b - a +0 short sword (weapon)
The helpless frilled lizard fails to defend itself.
You hit the frilled lizard.
You kill the frilled lizard!
No target in view!
Unknown command.
There is a faded altar of an unknown god here.
You cannot tell which god this altar belongs to.
Convert to them anyway?
Okay, then.
You cannot tell which god this altar belongs to.
Convert to them anyway?
Wu Jian accepts your prayer! The Council welcomes you!
You can now perform damaging attacks by moving towards foes.
You can now lightly attack monsters by moving around them.

...######.###..#.....#
...# #.#....#.....##
...# #.#....#<......
#.#....#..#####
#####.#....#..####
....#.#....#......
#.......÷....#.#
########.####...8..#.#
...............8@8...
.....####.####..8....
.....# #.. .......#.
.....+ ##..####..##
.†...# ..# #..#
+##+#(. .#. #


There were no monsters in sight!

Vanquished Creatures
  2 oozes
  2 worms (D:2)
  A dart slug (D:1)
  2 bats
  A giant cockroach (D:1)
  2 goblins (D:1)
  2 hobgoblins (D:1)
  A jackal (D:1)
  6 frilled lizards
  A kobold (D:1)
  2 rats (D:1)
22 creatures vanquished.

Vanquished Creatures (others)
  A plant (D:2)
1 creature vanquished.

Grand Total: 23 creatures vanquished

Notes
Turn   | Place    | Note
-------+----------+-------------------------------------------
     0 | D:1      | Apogee the Kobold Hunter began the quest for the Orb.
     0 | D:1      | Reached XP level 1. HP: 12/12 MP: 1/1
   151 | D:1      | Reached skill level 5 in Crossbows
   162 | D:1      | Reached XP level 2. HP: 17/18 MP: 2/2
   593 | D:1      | Reached XP level 3. HP: 22/23 MP: 3/3
   647 | D:1      | You fall into a shaft and drop 1 floor!
   859 | D:2      | Found a faded altar of an unknown god.
  1078 | D:2      | Became a worshipper of the Wu Jian Council
  1078 | D:2      | Reached * piety under Wu Jian
  1079 | D:2      | Quit the game

Illustrated notes

Levels and vault maps discovered:
D:1:      giann_horns, layout_rooms, minivault_19, minmay_tetromino_s2
D:2:      layout_basic, fedhas_altar_1, chequers_ecumenical_altar_simple

Skill      XL: |  1  2 |
---------------+-------+-----
Crossbows      | 5 |  5.5
Fighting       | 3 |  3.2
Dodging        | |  2.4
Stealth        | |  1.3

Action                   || total
-------------------------++-------
Melee: Short sword       ||    87
 Fire: Hand crossbow     ||    10
 Stab: Sleeping          ||     4
Armor: Leather armour    ||    17
Dodge: Dodged            ||    59

Table legend: (Time is in decaauts)
 A = Elapsed time spent in this place.
 B = Non-inter-level travel time spent in this place.
 C = Inter-level travel time spent in this place.
 D = Time resting spent in this place.
 E = Time spent auto-exploring this place.
 F = Levels seen in this place.
 G = Mean time per level.
                   A        B        C        D        E       F      G
               +--------+--------+--------+--------+--------+-----+--------+
         Total |   1087 |   1087 |      0 |     60 |    813 |   2 |  543.5 |
       Dungeon |   1087 |   1087 |      0 |     60 |    813 |   2 |  543.5 |
               +--------+--------+--------+--------+--------+-----+--------+

Top non-repeatable levels by time:
     D:1: 654 daAuts
     D:2: 432 daAuts
